 Dungeon Crawl Stone Soup version 0.29-a0-43-g62a80824bf (webtiles) character file.

Game seed: 1767474505517663355

26 Hubjo the Grasshopper (level 2, -5/22 HPs)
             Began as a Vampire Warper on Feb 2, 2022.
             Slain by a gnoll (12 damage)
             ... on level 4 of the Dungeon.
             The game lasted 00:02:43 (530 turns).

Hubjo the Grasshopper (Vampire Warper)               Turns: 530, Time: 00:02:44

Health: -5/22      AC:  3    Str: 10    XL:     2   Next: 89%
Magic:  5/5        EV: 12    Int: 15    God:
Gold:   21         SH:  0    Dex: 13    Spells: 3/5 levels left

rFire   . . .      SeeInvis +   a - +0 short sword
rCold   . . .      Faith    .   (no shield)
rNeg    . . .      Spirit   .   b - +0 leather armour
rPois   .          Reflect  .   (no helmet)
rElec   .          Harm     .   (no cloak)
rCorr   .          Rampage  .   (no gloves)
Will    .....                   (no boots)
Stlth   +.........              (no amulet)
HPRegen 0.27/turn               (no ring)
MPRegen 0.09/turn               (no ring)

@: healing quickly
A: alive, fangs 3, see invisible, vampiric 1
a: Exsanguinate


You were on level 4 of the Dungeon.
You visited 1 branch of the dungeon, and saw 4 of its levels.

You collected 21 gold pieces.

Inventory:

Hand Weapons
 a - a +0 short sword (weapon)
Missiles
 d - 5 boomerangs of dispersal (quivered)
Armour
 b - a +0 leather armour (worn)
Scrolls
 c - a scroll of blinking
 h - a scroll of identify {unknown}
 i - a scroll of brand weapon {unknown}
Potions
 e - a potion of heal wounds {unknown}
 f - a potion of haste {unknown}
 g - a potion of resistance {unknown}
 j - 2 potions of attraction {unknown}


   Skills:
 + Level 2.0 Fighting
 + Level 2.3 Short Blades
 + Level 0.7 Throwing
 + Level 1.1 Armour
 + Level 2.6 Dodging
 + Level 2.0 Spellcasting
 + Level 2.7 Translocations


You had 3 spell levels left.
You knew the following spells:

 Your Spells              Type           Power      Damage    Failure   Level
a - Blink                 Tloc           18%        N/A       14%         2

Your spell library contained the following spells:

 Spells                   Type           Power      Damage    Failure   Level
 Gell's Gravitas          Tloc           9%         N/A       28%         3
 Lesser Beckoning         Tloc           9%         N/A       28%         3
 Teleport Other           Tloc           9%         N/A       28%         3
 Ensorcelled Hibernation  Hex/Ice        2%         N/A       41%         2
 Spider Form              Tmut/Pois      1%         N/A       65%         3
 Manifold Assault         Tloc           9%         N/A       95%         5
 Anguish                  Hex/Necr       0%         N/A       96%         4


Dungeon Overview and Level Annotations

Branches:
Dungeon (4/15)
 Temple: D:4-7

Altars:


Innate Abilities, Weirdness & Mutations

Your natural rate of healing is accelerated.
You have razor-sharp teeth.
You have supernaturally acute eyesight. (SInv)
You are afflicted with vampirism.


Message History

The hobgoblin barely misses you.
You hit the hobgoblin.
The hobgoblin is severely wounded.
The hobgoblin hits you but does no damage.
You hit the hobgoblin but do no damage.
The hobgoblin is severely wounded.
The hobgoblin barely misses you.
You hit the hobgoblin.
You kill the hobgoblin!
You see here a hobgoblin corpse.
You see here a +0 long sword.
There is a stone staircase leading down here.
You climb downwards.
There is a stone staircase leading up here.
A kobold and an adder come into view.
Found a stone staircase leading up.
There is a stone staircase leading up here.
A giant cockroach comes into view.
A gnoll comes into view. It is wielding a +0 flail.
The gnoll shouts!
A gnoll comes into view. It is wielding a +0 flail.
A gnoll comes into view. It is wielding a +0 whip.
The giant cockroach bites you but does no damage.
You barely miss the giant cockroach.
The gnoll shouts! x2
The giant cockroach bites you. The giant cockroach misses you.
You hit the giant cockroach but do no damage.
The giant cockroach bites you.
You hit the giant cockroach.
The giant cockroach is severely wounded.
The giant cockroach bites you but does no damage.
You completely miss the giant cockroach.
The giant cockroach is severely wounded.
The giant cockroach barely misses you. The gnoll hits you with a +0 flail!
Ouch! That really hurt!
You hit the giant cockroach.
The giant cockroach is severely wounded.
The giant cockroach misses you. The gnoll hits you with a +0 flail!
Ouch! That really hurt!
You die...

#......##.# #..
#.......#.###.......
..#####............. .
###..........# ## .
#####...........##...
..##........##.##.....
..........#### ..... .
.............####g##....
..#..##..##.....@B.gg...
. ### ##.##.######.##...
#.##.# # #.##<##
#.....##### ####......#
##.....# ###...# #...#


You could see 3 gnolls and a giant cockroach.

Vanquished Creatures
  A dart slug (D:1)
  3 ball pythons
  2 endoplasms (D:1)
  A giant cockroach (D:2)
  3 goblins
  2 hobgoblins
  2 kobolds
  2 quokkas
  A bat (D:1)
  3 frilled lizards
  2 rats
22 creatures vanquished.

Notes
Turn   | Place    | Note
-------+----------+-------------------------------------------
     0 | D:1      | Hubjo the Vampire Warper began the quest for the Orb.
     0 | D:1      | Reached XP level 1. HP: 16/16 MP: 3/3
    67 | D:1      | Reached skill level 1 in Armour
   203 | D:1      | Reached XP level 2. HP: 18/22 MP: 5/5
   206 | D:1      | Learned a level 2 spell: Blink
   530 | D:4      | Slain by a gnoll

Illustrated notes

Levels and vault maps discovered:
D:1:      grunt_arrival_lava_bath, layout_basic,
          hellmonk_ecumenical_altar_heavens_door
D:2:      layout_loops_ring, serial_shops, shop, minmay_tromino_i4
D:3:      layout_loops_ring, grunt_temple_overflow_open
D:4:      layout_rooms, chequers_temple_overflow_statue_of_worship,
          minmay_hollow_rounded_squares, uniq_edmund, uniq_sigmund

Skill      XL: |  1  2 |
---------------+-------+-----
Armour         | 1 |  1.1
Fighting       | 2 |  2.0
Short Blades   | |  2.3
Throwing       | |  0.7
Dodging        | |  2.6
Spellcasting   | |  2.0
Translocations | |  2.7

Action                   || total
-------------------------++-------
Melee: Short sword       ||    86
       Bite              ||    12
Armor: Leather armour    ||    22
Dodge: Dodged            ||    64

Table legend: (Time is in decaauts)
 A = Elapsed time spent in this place.
 B = Non-inter-level travel time spent in this place.
 C = Inter-level travel time spent in this place.
 D = Time resting spent in this place.
 E = Time spent auto-exploring this place.
 F = Levels seen in this place.
 G = Mean time per level.
                   A        B        C        D        E       F      G
               +--------+--------+--------+--------+--------+-----+--------+
         Total |    528 |    472 |     56 |      0 |    275 |   4 |  132.0 |
       Dungeon |    528 |    472 |     56 |      0 |    275 |   4 |  132.0 |
               +--------+--------+--------+--------+--------+-----+--------+

Top non-repeatable levels by time:
     D:1: 259 daAuts
     D:2: 198 daAuts
     D:4: 44 daAuts
     D:3: 25 daAuts
